[Event "XVII Profigaia Open 2017"]
[Site "Gaia"]
[Date "2017.06.18"]
[Round "7"]
[White "Duarte, Duarte"]
[Black "Da Silva, Daniel Leite"]
[Result "1-0"]
[ECO "D53"]
[WhiteElo "1916"]
[BlackElo "2033"]
[Annotator "NA RC"]
[PlyCount "57"]
[EventDate "2017.??.??"]
[EventType "swiss"]
[EventCountry "POR"]
[SourceTitle "playchess.com"]
[Source "ChessBase"]
[SourceQuality "1"]
[TimeControl "5400+30"]

1. d4 d5 2. c4 e6 3. Nc3 Nf6 4. Bg5 Be7 5. e3 O-O 6. Bd3 b6 7. cxd5 exd5 8. Nge2 {[%emt 0:01:57] D35: Queen's Gambit Declined: Exchange Variation} (8. Bxf6 $1 $16 Bxf6 9. Qh5) 8... Be6 9. O-O Nbd7 10. Nf4 c6 11. Qf3 $146 ({Predecessor:} 11. Rc1 Ne8 12. Bxe7 Qxe7 13. e4 Qg5 14. g3 Nc7 {1-0 (35) Xu,J (2505)-Xia,Y (2355) Beijing 1996}) 11... h6 12. Nxe6 fxe6 13. Bxf6 Bxf6 14. Qg4 Qe8 {[%emt 0:01:12] [#]} 15. f4 ({White should play} 15. Ne2 $1 $16) 15... Qf7 16. Bg6 Qe7 17. Bc2 Rfc8 18. Rf3 Kh8 19. Rh3 c5 20. dxc5 Rxc5 21. e4 Rac8 ({Better is} 21... Bxc3 $17 22. bxc3 Rac8) 22. e5 d4 $1 23. Qg6 ({Much worse is} 23. exf6 Nxf6 24. Qg3 dxc3 $15) 23... Nf8 24. Rxh6+ gxh6 25. Qxh6+ Nh7 $2 (25... Kg8 $11 26. exf6 Qf7) 26. exf6 Qd7 27. Rd1 e5 28. Bg6 $18 R8c7 29. f7 1-0

[Event "XVII Profigaia Open 2017"]
[Site "Gaia"]
[Date "2017.06.18"]
[Round "7"]
[White "Sousa, Hugo Carneiro"]
[Black "Catarro, Jose Joao Dias"]
[Result "1-0"]
[ECO "A00"]
[WhiteElo "1877"]
[BlackElo "1833"]
[Annotator "NA RC"]
[PlyCount "95"]
[EventDate "2017.??.??"]
[EventType "swiss"]
[EventCountry "POR"]
[SourceTitle "playchess.com"]
[Source "ChessBase"]
[SourceQuality "1"]
[TimeControl "5400+30"]

1. e3 e5 2. d4 exd4 3. exd4 d5 4. Nf3 Nf6 5. c4 c6 6. Nc3 Be6 {[%emt 0:00:44] C01: French: Exchange Variation} (6... Be7 7. Qb3 O-O 8. Be3 dxc4 9. Bxc4 b5 10. Bd3 Na6 11. a3 b4 12. Bxa6 bxc3 13. Bxc8 cxb2 14. Qxb2 Rxc8 15. O-O {0-1 (42) Nosenko,A (2524)-Simacek,P (2474) Legnica 2016}) 7. c5 Nbd7 8. Bf4 Be7 9. Bd3 Nh5 $146 ({Predecessor:} 9... b6 10. b4 a5 11. b5 Qc8 12. bxc6 Qxc6 13. Nb5 O-O 14. Nc7 Rac8 15. Bb5 Qb7 16. c6 Qa7 17. cxd7 Rxc7 18. Bxc7 Qxc7 19. Rc1 Bb4+ 20. Kf1 Qf4 21. Ne5 {1-0 (21) Giemza,J (1986)-Kowalczyk,S (1660) Grodzisk Mazowiecki 2007}) 10. Bg3 Nxg3 11. hxg3 h5 12. Nh4 Qc7 13. Bf5 Rh6 14. Bxe6 Rxe6+ 15. Kf1 g6 16. Ne2 Bxh4 17. gxh4 O-O-O 18. Qd2 Rde8 19. Re1 Nf6 20. f3 Qe7 21. Kf2 Ng8 22. Ng3 Qf6 23. Rxe6 Rxe6 24. Ne2 Qg7 25. g3 f6 ({Better is} 25... Nh6 $11) 26. Nf4 Re7 27. Re1 ({White should try} 27. Qd3 $16) 27... Rxe1 28. Qxe1 Qf7 29. Qe6+ Qxe6 30. Nxe6 Ne7 {[%emt 0:00:28] [#]} 31. g4 $1 Kd7 32. Ng7 hxg4 33. fxg4 Ng8 34. h5 gxh5 (34... b6 {was worth a try.} 35. cxb6 (35. hxg6 bxc5 36. Nf5 c4 $16) 35... axb6 36. hxg6 Ne7) 35. gxh5 Nh6 36. Kf3 Ke7 37. Kf4 Ng8 (37... Nf7 $142 38. Nf5+ Kf8) 38. Nf5+ Kf7 39. b4 b6 40. a3 (40. h6 $142 Nxh6 41. Nxh6+ Ke6 42. a3) 40... b5 41. Kg4 a6 42. Kf4 Ne7 43. Nxe7 Kxe7 44. Kf5 Kf7 45. h6 Kg8 46. Kxf6 Kh7 47. Ke6 Kxh6 48. Kd6 1-0

[Event "XVII Profigaia Open 2017"]
[Site "Gaia"]
[Date "2017.06.18"]
[Round "7"]
[White "Mendes, Pedro"]
[Black "Soares, Sara Joana De Moura"]
[Result "1-0"]
[ECO "C88"]
[WhiteElo "1867"]
[BlackElo "1183"]
[Annotator "NA RC"]
[PlyCount "103"]
[EventDate "2017.??.??"]
[EventType "swiss"]
[EventCountry "POR"]
[SourceTitle "playchess.com"]
[Source "ChessBase"]
[SourceQuality "1"]
[TimeControl "5400+30"]

1. e4 e5 2. Nf3 Nc6 3. Bb5 a6 4. Ba4 Nf6 5. O-O Be7 6. Re1 b5 7. Bb3 O-O 8. a4 {[%emt 0:03:56] LiveBook: 1961 Games} Bb7 9. d3 Bc5 {[%emt 0:13:37] C88: Closed Ruy Lopez: Anti-Marshall Systems} (9... d5 10. exd5 Nxd5 11. Nbd2 f6 12. axb5 axb5 13. Rxa8 Bxa8 14. c4 bxc4 15. Nxc4 Kh8 16. d4 Bb4 17. Re4 Nde7 18. Rh4 Nf5 19. Rh3 Ncxd4 20. Nxd4 exd4 21. Qg4 Nh6 22. Bxh6 gxh6 23. Rg3 Rg8 24. Nd6 {1-0 (24) Wang,H (2683)-Sethuraman,S (2629) Sharjah 2017}) 10. Bg5 h6 11. Bh4 Qe7 $146 ({Predecessor:} 11... Be7 12. Na3 b4 13. Nc4 d6 14. Ne3 Na5 15. Ba2 g6 16. Nd2 Bc6 17. Rf1 {1-0 (55) Artemiev,V (2461)-Belyakov,B (2388) Tyumen 2012}) 12. Nc3 Nd4 13. Nd5 Bxd5 $1 14. exd5 d6 (14... Nxb3 $11 {keeps the balance.} 15. cxb3 Qd6) 15. Nxd4 Bxd4 16. c3 Bb6 17. d4 g5 18. Bg3 Nd7 19. axb5 axb5 20. Rxa8 Rxa8 21. Qd3 Ra5 (21... h5 $11) 22. Qe4 ({Better is} 22. Bc2 $16 f6 23. Qg6+ Qg7 24. Qe8+ Nf8 25. Bf5 (25. dxe5 fxe5 26. Bf5 Qf6 $14)) 22... Qf6 23. Qg4 Nf8 (23... exd4 $11 {remains equal.} 24. cxd4 (24. Qxd7 dxc3 25. Qe8+ Kg7 $11) 24... Nf8) 24. dxe5 dxe5 25. Qe2 Ng6 $1 26. h3 Kh7 27. Kh2 Kg8 28. f3 (28. Bc2 $16) 28... Kg7 29. Bxe5 Nxe5 30. Qxe5 Qxe5+ 31. Rxe5 Ra8 32. Kg3 (32. d6 $5) 32... Rd8 33. Kg4 Kg6 34. Bc2+ Kf6 35. Rf5+ Kg6 (35... Kg7) 36. Rxg5+ $1 Kf6 37. Rf5+ Kg7 38. Bb3 Rd7 39. Re5 f6 40. Re4 Kg6 41. Rb4 Re7 (41... f5+ $16 {was worth a try.} 42. Kg3 Re7 43. Rxb5 h5) 42. Bc2+ Kg7 43. Be4 ({Resist} 43. Rxb5 Re2 $18) 43... Re8 (43... Re5 {was worth a try.} 44. Rxb5 Be3) 44. Rxb5 Bf2 45. Rb7 Bb6 $2 (45... f5+ 46. Bxf5 Kf6) 46. d6 Kf8 47. dxc7 $18 h5+ 48. Kxh5 Re5+ 49. Kg6 Re8 50. Rxb6 Ke7 51. Rb8 Rxb8 52. cxb8=Q {[%emt 0:00:10] Kd6 Bd5+ Kxd5} 1-0

[Event "XVII Profigaia Open 2017"]
[Site "Gaia"]
[Date "2017.06.18"]
[Round "7"]
[White "De Moura, Fernando Alves"]
[Black "Ribeiro, Andre Amorim"]
[Result "1-0"]
[ECO "B32"]
[WhiteElo "1814"]
[BlackElo "1463"]
[Annotator "NA RC"]
[PlyCount "103"]
[EventDate "2017.??.??"]
[EventType "swiss"]
[EventCountry "POR"]
[SourceTitle "playchess.com"]
[Source "ChessBase"]
[SourceQuality "1"]
[TimeControl "5400+30"]

1. e4 c5 2. Nf3 Nc6 3. d4 cxd4 4. Nxd4 e5 5. Nb5 a6 6. Nd6+ Bxd6 7. Qxd6 Qe7 8. Qxe7+ Ngxe7 9. c4 {[%emt 0:02:12] B32: Sicilian: Löwenthal and Kalashnikov Variations} (9. Nc3 d5 10. Bd2 Be6 11. O-O-O O-O-O 12. f3 Kc7 13. b3 f6 14. exd5 Nxd5 15. Nxd5+ Rxd5 16. Bd3 h6 17. Be4 Rd7 18. Bc3 {½-½ (73) Carlsen,M (2837)-Radjabov,T (2788) Astana 2012}) 9... Nd4 {[%emt 0:05:23] LiveBook: 6 Games} 10. Bd3 d6 11. Nc3 O-O $146 ({Predecessor:} 11... Be6 12. b3 Rc8 13. Kd2 O-O 14. Ba3 Rcd8 15. Nd5 Nec6 16. Nb6 f5 {½-½ (31) Vovk,A (2619)-Moldovan,D (2438) Mamaia 2015}) 12. O-O Be6 13. b3 f5 14. Ba3 Rfd8 15. f3 (15. f4 $16) 15... Rac8 16. Rac1 f4 17. Rfd1 Nec6 18. Kf2 Kf7 19. Nd5 a5 20. Bb1 Bxd5 21. exd5 Nb4 (21... Ne7 $1 $14) 22. Bb2 b5 23. Bxd4 exd4 24. Rxd4 bxc4 25. Rxf4+ Kg8 26. Rfxc4 Rxc4 27. bxc4 Rc8 28. Ke3 (28. Bf5 $18 Rb8 29. c5) 28... Nxd5+ 29. Ke4 Nb4 (29... Nc7 $16 30. Rd1 Rb8) 30. Kd4 g6 31. a3 Na6 32. Bd3 Nc5 33. Rb1 Kf7 34. Be4 Ne6+ 35. Kc3 Nc5 36. Bd5+ Kf6 37. Rb5 a4 38. Rb6 Ke7 $1 39. Rb2 Kd7 40. Be4 Ke6 ({Black should try} 40... Re8) 41. Rb4 (41. Rb3 $2) (41. Bb7 $16 Rh8 42. Bc6) 41... Ke5 42. Bd5 Kf6 43. Rb6 ({White should play} 43. Kd4 $16) 43... Ke7 44. Bc6 Kd8 {[%emt 0:01:10] [#]} (44... g5 $16 {is a better defense.} 45. g3 Ke6) 45. Bb5 $1 Ke7 46. Kb4 (46. Rc6 $18 Rh8 47. Rc7+ Kf6 48. Ra7) 46... Kd8 $2 (46... Ke6 $16 {is more resistant.} 47. Rc6 (47. Bxa4 Nxa4 48. Kxa4 Rxc4+ 49. Kb3 Rc1 $16) 47... Ra8) 47. Rxd6+ Ke7 48. Rc6 Nd3+ 49. Kc3 Rxc6 50. Bxc6 Nc5 51. Kb4 Kd6 52. Bxa4 $18 {[%emt 0:01:48] Kd5} 1-0

[Event "XVII Profigaia Open 2017"]
[Site "Gaia"]
[Date "2017.06.18"]
[Round "7"]
[White "Pereira, Andre Marques"]
[Black "Marques, Ricardo Taborda Tri"]
[Result "0-1"]
[ECO "C00"]
[WhiteElo "1746"]
[BlackElo "1714"]
[Annotator "NA"]
[PlyCount "74"]
[EventDate "2017.??.??"]
[EventType "swiss"]
[EventCountry "POR"]
[SourceTitle "playchess.com"]
[Source "ChessBase"]
[SourceQuality "1"]
[TimeControl "5400+30"]

1. e4 e6 2. Nf3 d5 3. e5 c5 4. Bb5+ Bd7 5. Bxd7+ Nxd7 6. O-O g6 7. Re1 Bg7 8. d3 Ne7 9. Bg5 h6 10. Bxe7 Qxe7 11. Nc3 O-O-O 12. Nb5 Kb8 13. Qd2 a6 14. Nc3 g5 15. h3 Rdg8 16. g3 f5 17. exf6 Bxf6 18. Re2 g4 19. hxg4 Rxg4 20. Nh2 Rgg8 21. Qf4+ Kc8 22. Na4 e5 23. Qf5 Rg5 24. Nb6+ Kd8 25. Qxd7+ Qxd7 26. Nxd7 Kxd7 27. Nf3 Rf5 28. Kg2 Rg8 29. Nh4 Bxh4 30. Kh3 Bf6 31. g4 Rfg5 32. Rg1 h5 33. f3 Rh8 34. Kh4 Rxg4+ 35. Kh3 Rxg1 36. c4 Rhg8 37. cxd5 Rh1+ 0-1

[Event "XVII Profigaia Open 2017"]
[Site "Gaia"]
[Date "2017.06.18"]
[Round "7"]
[White "Freitas, Ruben Manuel"]
[Black "Amorim, Vicente Nuno Marque"]
[Result "1-0"]
[ECO "C66"]
[WhiteElo "1636"]
[BlackElo "1084"]
[Annotator "NA"]
[PlyCount "81"]
[EventDate "2017.??.??"]
[EventType "swiss"]
[EventCountry "POR"]
[SourceTitle "playchess.com"]
[Source "ChessBase"]
[SourceQuality "1"]
[TimeControl "5400+30"]

1. e4 e5 2. Nf3 Nc6 3. Bb5 d6 4. d4 Bd7 5. Nc3 Nf6 6. O-O Be7 7. Re1 O-O 8. Bxc6 Bxc6 9. dxe5 dxe5 10. Qxd8 Raxd8 11. Bg5 Rfe8 12. Nxe5 Nd7 13. Nxc6 bxc6 14. Bxe7 Rxe7 15. Rad1 Rb8 16. b3 h6 17. Re2 Rbe8 18. Red2 Nf6 19. f3 Re5 20. Ne2 R8e7 21. Rd8+ Re8 22. Rxe8+ Rxe8 23. Rd4 Re6 24. Ra4 c5 25. Rxa7 c6 26. Ra5 Nd7 27. Kf2 Rd6 28. Ke3 Rg6 29. g3 Rg5 30. Ra6 Ne5 31. h4 Rg6 32. Ra5 Nd7 33. h5 Rf6 34. f4 Kf8 35. Nc1 Ke7 36. Nd3 Kd6 37. e5+ Kd5 38. c4+ Ke6 39. Nxc5+ Nxc5 40. exf6 gxf6 41. Rxc5 {[%emt 0:00:01] Kd5 Ke4+} 1-0

[Event "XVII Profigaia Open 2017"]
[Site "Gaia"]
[Date "2017.06.18"]
[Round "7"]
[White "Ferreira, Nuno Messeder"]
[Black "Moura, Paulo Jorge Alves B"]
[Result "1-0"]
[ECO "B23"]
[WhiteElo "1595"]
[BlackElo "1913"]
[Annotator "NA RC"]
[PlyCount "61"]
[EventDate "2017.??.??"]
[EventType "swiss"]
[EventCountry "POR"]
[SourceTitle "playchess.com"]
[Source "ChessBase"]
[SourceQuality "1"]
[TimeControl "5400+30"]

1. e4 c5 2. Nc3 Nc6 3. f4 d6 4. Nf3 Bg4 5. Bb5 Bxf3 6. Bxc6+ bxc6 7. Qxf3 e6 8. d3 Be7 9. O-O d5 10. e5 Nh6 11. b3 O-O 12. Ne2 Nf5 13. g4 Nh4 14. Qf2 Qb6 {[%emt 0:02:19] [#]} (14... Ng6 $11 {remains equal.}) 15. c4 ({White has to play} 15. f5 $1 $16) 15... Rfe8 (15... Ng6 $11 {keeps the balance.}) 16. Nc3 a5 17. f5 exf5 18. gxf5 Bd8 19. e6 Bf6 20. Na4 Qc7 $2 (20... Qd8 $1 $11 21. Bb2 Bxb2 22. Qxb2 dxc4) 21. Rb1 fxe6 22. fxe6 Rxe6 23. Nxc5 Re5 24. Bf4 Rg5+ 25. Bxg5 Bxg5 26. Ne6 Qe7 27. Rbe1 Bf6 28. Kh1 $18 Ng6 29. Nxg7 Qxg7 30. Qxf6 Rc8 31. Qe6+ 1-0

[Event "XVII Profigaia Open 2017"]
[Site "Gaia"]
[Date "2017.06.18"]
[Round "7"]
[White "Oliveira, Maria Alice Ramos M"]
[Black "Pintor, Simao Maciel Abranc"]
[Result "0-1"]
[ECO "B31"]
[WhiteElo "1561"]
[BlackElo "2022"]
[Annotator "NA"]
[PlyCount "54"]
[EventDate "2017.??.??"]
[EventType "swiss"]
[EventCountry "POR"]
[SourceTitle "playchess.com"]
[Source "ChessBase"]
[SourceQuality "1"]
[TimeControl "5400+30"]

1. e4 c5 2. Nf3 Nc6 3. Bb5 g6 4. Bxc6 bxc6 5. O-O Bg7 6. Re1 Nh6 7. c3 O-O 8. d4 cxd4 9. cxd4 d5 10. e5 {[%emt 0:04:19] B31: Sicilian: 2...Nc6 3 Bb5 g6} Bg4 {[%emt 0:00:34] [#]} (10... f6 11. exf6 exf6 12. Nbd2 Re8 13. Nb3 Nf7 14. Nc5 Bg4 15. Rxe8+ Qxe8 16. h3 Bxf3 17. Qxf3 Qe1+ {0-1 (51) Inarkiev,E (2730)-Gelfand,B (2734) Magas 2016}) 11. Nbd2 $1 f6 {[%emt 0:05:44] LiveBook: 4 Games} 12. Qa4 $146 ({Predecessor:} 12. h3 Bxf3 13. Nxf3 Nf7 14. Bf4 Qb6 15. Qd2 fxe5 16. Nxe5 Nd6 17. Bh6 Ne4 18. Rxe4 Bxh6 19. Qxh6 dxe4 20. Nxg6 Qxd4 21. Nxe7+ {1-0 (59) Ramiro Ovejero,J (2368)-Munoz Pantoja,M (2483) La Roda 2013}) 12... Qb6 13. h3 Bf5 14. Nb3 Nf7 15. e6 Nd6 16. Nc5 Qb5 17. Qxb5 cxb5 18. g4 Be4 19. Nh2 f5 20. Be3 f4 21. f3 fxe3 22. fxe4 Bxd4 23. Nd7 e2+ 24. Kh1 Rf2 25. exd5 Ne4 26. Rg1 Bxb2 27. Rab1 $19 Bc3 0-1

[Event "XVII Profigaia Open 2017"]
[Site "Gaia"]
[Date "2017.06.18"]
[Round "7"]
[White "Sismeiro, Miguel"]
[Black "Figueiredo, Bruno"]
[Result "1/2-1/2"]
[ECO "B38"]
[WhiteElo "1528"]
[BlackElo "1914"]
[Annotator "NA RC"]
[PlyCount "84"]
[EventDate "2017.??.??"]
[EventType "swiss"]
[EventCountry "POR"]
[SourceTitle "playchess.com"]
[Source "ChessBase"]
[SourceQuality "1"]
[TimeControl "5400+30"]

1. e4 c5 2. Nf3 Nc6 3. d4 cxd4 4. Nxd4 g6 5. c4 Bg7 6. Be3 Nh6 7. Be2 O-O 8. Nc3 f5 9. exf5 Bxd4 {B38: Sicilian: Maroczy Bind with 5...Bg7 and 7...0-0} 10. Bxd4 Nxf5 {LiveBook: 7 Games} 11. Bc5 d6 12. Ba3 Nfd4 13. O-O Bf5 14. Bd3 (14. Bf3 $5) 14... Qd7 15. Bxf5 $146 ({Predecessor:} 15. b3 Bxd3 16. Qxd3 Rf3 17. Qd1 {½-½ (49) Arakhamia Grant,K (2485)-Turner,M (2395) Oakham 1994}) 15... Rxf5 16. Ne4 Raf8 17. Ng3 Rf4 18. b3 {[#]} Rh4 $2 ({Black should try} 18... Nf3+ $1 $19 19. gxf3 Nd4) 19. f3 Qe6 20. Bc1 Qe5 21. Bd2 Nf5 22. Qe1 Qd4+ (22... Qxe1 $14 23. Rfxe1 Nxg3 24. hxg3 Rd4) 23. Qf2 (23. Rf2 $16) 23... Nxg3 24. hxg3 Qxf2+ 25. Kxf2 Rh5 26. Bc3 Rhf5 27. Rad1 Kf7 28. Rfe1 Kg8 (28... h5 $11 {keeps the balance.}) 29. Re4 Ra8 30. g4 Rf7 31. Rd5 Raf8 32. Ke3 Rc8 33. Kd2 a6 34. a4 Nb8 35. Rd3 ({White should play} 35. b4 $16) 35... Nd7 36. Bd4 Kf8 37. Kd1 Ke8 $11 38. Rd2 Kf8 39. Rd3 (39. a5 $14) 39... Kg8 40. Rd2 ({Better is} 40. a5 $14) 40... Kf8 41. Rd3 $11 Kg8 42. Rd2 Kf8 1/2-1/2

[Event "XVII Profigaia Open 2017"]
[Site "Gaia"]
[Date "2017.06.18"]
[Round "7"]
[White "Monteiro, Paulo"]
[Black "Paiva, Rodrigo Garcia"]
[Result "1-0"]
[ECO "C88"]
[WhiteElo "1488"]
[BlackElo "1075"]
[Annotator "NA"]
[PlyCount "77"]
[EventDate "2017.??.??"]
[EventType "swiss"]
[EventCountry "POR"]
[SourceTitle "playchess.com"]
[Source "ChessBase"]
[SourceQuality "1"]
[TimeControl "5400+30"]

1. e4 e5 2. Nf3 Nc6 3. Bb5 a6 4. Ba4 Be7 5. O-O b5 6. Bb3 Nf6 7. Re1 d6 8. h3 Bb7 {[%emt 0:00:17] C90: Closed Ruy Lopez with 7...d6: Early deviations} (8... O-O 9. c3 Bb7 10. d3 Na5 {½-½ (10) Ponkratov,P (2573)-Maletin,P (2579) Voronezh 2016}) 9. c3 Qd7 10. d3 O-O 11. Nbd2 Na7 $146 ({Predecessor:} 11... Rfe8 12. Nf1 Nd8 13. Ng3 Ne6 14. d4 exd4 15. Nxd4 Nc5 16. Bc2 g6 17. Bh6 {1-0 (56) Valak,A (2415)-Kyhos,A (2402) ICCF email 2009}) 12. Nf1 c5 13. Ng3 a5 14. Nh2 a4 15. Bc2 Bc6 (15... Nc6 $11) 16. Nf5 b4 (16... Qd8 $142) 17. Nxe7+ ({White should play} 17. d4 $16) 17... Qxe7 18. Bxa4 Bxa4 19. Qxa4 Qd7 20. Qxd7 Nxd7 21. Nf1 Rab8 ({Black should play} 21... bxc3 $14 22. bxc3 Nb5) 22. c4 ({White should try} 22. Bd2 $16) 22... f5 (22... Nc6 $14) 23. Ne3 (23. exf5 $16 Nc6 24. Be3) 23... f4 $14 24. Nf5 Rf6 25. b3 g6 26. Ne7+ Kg7 27. Nd5 Rf7 28. Bb2 Nf6 29. Reb1 h5 30. Kf1 g5 31. Ke2 g4 32. Nxf6 Rxf6 33. hxg4 hxg4 34. Rh1 Kg6 35. Rh4 g3 36. fxg3 fxg3 37. Rg4+ Kh5 38. Rxg3 Nc6 39. Rh1# 1-0

[Event "XVII Profigaia Open 2017"]
[Site "Gaia"]
[Date "2017.06.18"]
[Round "7"]
[White "Clemente, António Manuel"]
[Black "Fernandes, Tiago Joao Carneiro"]
[Result "1-0"]
[ECO "D37"]
[WhiteElo "1393"]
[BlackElo "1182"]
[Annotator "NA RC"]
[PlyCount "81"]
[EventDate "2017.??.??"]
[EventType "swiss"]
[EventCountry "POR"]
[SourceTitle "playchess.com"]
[Source "ChessBase"]
[SourceQuality "1"]
[TimeControl "5400+30"]

1. d4 d5 2. c4 e6 3. Nc3 Nf6 4. Nf3 b6 5. cxd5 exd5 6. Bf4 Bd6 7. Bxd6 Qxd6 8. h3 c5 9. e3 cxd4 10. exd4 O-O 11. Be2 Nc6 12. O-O Bf5 13. Bd3 Bxd3 14. Qxd3 Rfe8 15. a3 a6 16. b4 b5 17. Rfe1 Nd7 18. Re3 Nb6 19. Nd2 Nc4 20. Rxe8+ Rxe8 21. Nb3 Qf6 22. Nxd5 Qd6 23. Ne3 Rd8 24. Nxc4 bxc4 25. Qxc4 Nxd4 26. Nxd4 Qxd4 27. Qxd4 Rxd4 28. Kf1 f5 29. Rb1 Rd5 30. a4 Rd7 31. b5 a5 32. Ke2 Re7+ 33. Kd3 Rc7 34. Rb2 Kf7 35. Kd4 Ke6 36. b6 Rb7 37. Kc5 Kd7 38. Rd2+ Kc8 39. Kc6 h6 40. Re2 g5 41. Re8# 1-0

[Event "XVII Profigaia Open 2017"]
[Site "Gaia"]
[Date "2017.06.18"]
[Round "7"]
[White "Marrios, Ruben"]
[Black "Antao, Jorge"]
[Result "1/2-1/2"]
[ECO "E00"]
[WhiteElo "1315"]
[BlackElo "1873"]
[Annotator "NA RC"]
[PlyCount "88"]
[EventDate "2017.??.??"]
[EventType "swiss"]
[EventCountry "POR"]
[SourceTitle "playchess.com"]
[Source "ChessBase"]
[SourceQuality "1"]
[TimeControl "5400+30"]

1. d4 Nf6 2. c4 e6 3. e3 d5 4. Nc3 Be7 5. Bd3 O-O {[%emt 0:00:12] D35: Queen's Gambit Declined: Exchange Variation} 6. Nge2 (6. cxd5 exd5 7. Nge2 b6 8. O-O Ba6 9. Nf4 Re8 10. Bxa6 Nxa6 11. Qa4 Nb8 12. Nfxd5 Nxd5 13. Nxd5 Bd6 14. Nc3 c6 15. e4 b5 {1-0 (43) Brizuela Abreu,R (2238)-Acosta Villarroel,L (2235) Porlamar 2015}) 6... Nbd7 7. O-O b6 8. Qc2 $146 ({Predecessor:} 8. cxd5 exd5 9. Bd2 c5 10. Rc1 Bb7 11. Ng3 Re8 12. Nf5 Bf8 13. Nb5 {0-1 (36) Straka,L (1512)-Prokaj,M (1876) Slovakia 2013}) 8... dxc4 9. Bxc4 Bb7 10. Bd3 c5 11. Rd1 Rc8 12. Qb3 ({White should play} 12. Ng3 $15) 12... a6 13. a4 Qc7 14. Qa2 Bd6 ({Don't play} 14... cxd4 15. exd4 Bd6 16. h3 $15) ({Black should try} 14... c4 15. Bc2 {[#]} b5 $1 16. axb5 axb5) 15. g3 Bf3 ({Black should play} 15... Rfd8 $17 16. Qb1 h6) 16. Bxa6 Ra8 17. Bd3 Be7 18. b3 e5 19. Nb5 Qc8 20. Ba3 Rd8 21. Bf5 Qc6 22. Rac1 Ng4 23. dxc5 Qh6 24. Bxg4 $1 Bxg4 25. c6 Bxa3 26. Nxa3 Bf3 27. h4 (27. Rxd7 {is a self mate.} Qh3 28. Nf4 exf4 29. Rxd8+ Rxd8 30. gxf4 Qg2#) (27. Nc2 $1 $14 Bxc6 28. Ne1) 27... Bxc6 (27... Qe6 $1 $15 28. Kh2 Bxc6) 28. Nc3 g5 29. Ne2 gxh4 30. gxh4 Kh8 $2 (30... Nc5 $19 {is more deadly.} 31. Rxd8+ Rxd8) 31. Rc4 Nc5 32. Qc2 Bf3 33. Rxd8+ Rxd8 34. Ng3 Rd1+ 35. Kh2 e4 36. Rxe4 Rh1+ 37. Nxh1 Bxe4 38. Qc3+ Kg8 39. Ng3 Qxh4+ 40. Kg1 Bf3 {[%emt 0:02:36] [#]} (40... Qh3 $11 {keeps the balance.} 41. Nxe4 Nxe4) 41. Nc2 $1 Bb7 (41... Qg4 $16 {was called for.}) 42. Qe5 Qg4 (42... Qd8 $142) 43. Qe8+ $2 (43. Nd4 $18 h6 {[#]} 44. a5 $1 ) 43... Kg7 {[%emt 0:00:27] [#]} 44. Qe5+ $2 (44. Nd4 $1 $18 Bc8 45. a5) 44... Kg8 $18 1/2-1/2

[Event "XVII Profigaia Open 2017"]
[Site "Gaia"]
[Date "2017.06.18"]
[Round "7"]
[White "Vieira, Pedro"]
[Black "Pipiras, Filipa Fortuna"]
[Result "0-1"]
[ECO "B00"]
[WhiteElo "1256"]
[BlackElo "1641"]
[Annotator "NA RC"]
[PlyCount "96"]
[EventDate "2017.??.??"]
[EventType "swiss"]
[EventCountry "POR"]
[SourceTitle "playchess.com"]
[Source "ChessBase"]
[SourceQuality "1"]
[TimeControl "5400+30"]

1. e4 e5 2. Nf3 Nc6 3. Bb5 a6 4. Ba4 Nf6 5. O-O Be7 6. Nc3 b5 7. Bb3 O-O 8. Re1 d6 9. h3 Na5 10. Nd5 Nxd5 11. Bxd5 c6 12. Bb3 Nxb3 13. axb3 f5 14. d4 exd4 15. Qxd4 Be6 16. Bf4 c5 17. Qd3 Rf7 18. Red1 fxe4 19. Qxe4 Bf5 20. Qc6 Bxc2 21. Rd2 Rxf4 22. Rxc2 Qc8 23. Qxc8+ Rxc8 24. Rxa6 Rb4 25. Nd2 d5 26. Ra7 Bf6 27. Rd7 Rd4 28. Kf1 c4 29. bxc4 bxc4 30. b3 c3 31. Nf3 Rb4 32. Rxd5 Rxb3 33. Ke2 Rb2 34. Kd3 Rcb8 35. Nd4 R8b4 36. Rxc3 Rxf2 37. Rc8+ Kf7 38. Rd7+ Kg6 39. Ne6 Rb3+ 40. Ke4 Re2+ 41. Kd5 Re5+ 42. Kc4 Rb1 43. Rc5 Rxe6 44. Kd5 Re5+ 45. Kc6 Rxc5+ 46. Kxc5 Rc1+ 47. Kb5 Rc2 48. g4 Rc3 0-1

[Event "XVII Profigaia Open 2017"]
[Site "Gaia"]
[Date "2017.06.18"]
[Round "7"]
[White "Triunfante, Armando"]
[Black "Brandao, Alvaro Sousa"]
[Result "0-1"]
[ECO "B01"]
[WhiteElo "1231"]
[BlackElo "1605"]
[Annotator "NA RC"]
[PlyCount "82"]
[EventDate "2017.??.??"]
[EventType "swiss"]
[EventCountry "POR"]
[SourceTitle "playchess.com"]
[Source "ChessBase"]
[SourceQuality "1"]
[TimeControl "5400+30"]

1. e4 d5 2. exd5 Nf6 3. c4 c6 4. dxc6 Nxc6 5. Nf3 e5 6. d3 Bf5 7. Nh4 Bb4+ 8. Nc3 Qd7 9. a3 Bxc3+ 10. bxc3 h6 11. Nxf5 Qxf5 12. Be2 O-O 13. O-O Rfd8 14. f3 b6 15. Be3 Na5 16. Qb1 Rac8 17. a4 Nd7 18. Rd1 Nc5 19. Bxc5 Rxc5 20. d4 Qxb1 21. Raxb1 exd4 22. Rxd4 Rcc8 23. Rbd1 Re8 24. Kf2 Rc7 25. Rd8 Kf8 26. Rxe8+ Kxe8 27. Rd4 Nb3 28. Rg4 Kf8 29. Bd3 Rd7 30. Ke3 g6 31. Rf4 Kg7 32. g4 Nc5 33. Bc2 Re7+ 34. Kf2 Re5 35. Rd4 Ne6 36. Rd5 Kf6 37. Rxe5 Kxe5 38. Ke3 g5 39. Bf5 Nc5 40. Bc2 a5 41. Bb3 Nxb3 0-1

[Event "XVII Profigaia Open 2017"]
[Site "Gaia"]
[Date "2017.06.18"]
[Round "7"]
[White "Duarte, Francisco"]
[Black "Pinto, Pedro Jorge de Mora"]
[Result "1-0"]
[ECO "B06"]
[WhiteElo "1154"]
[BlackElo "2038"]
[Annotator "NA"]
[PlyCount "99"]
[EventDate "2017.??.??"]
[EventType "swiss"]
[EventCountry "POR"]
[SourceTitle "playchess.com"]
[Source "ChessBase"]
[SourceQuality "1"]
[TimeControl "5400+30"]

1. d4 g6 2. Nc3 Bg7 3. e4 d6 4. Nf3 Nd7 5. Bd3 {[%emt 0:00:30] B06: Modern Defence} (5. Be3 a6 6. a4 b6 7. Be2 e6 8. O-O Bb7 9. d5 exd5 10. exd5 Ne7 11. Bd4 Ne5 12. Re1 O-O 13. Bxe5 dxe5 14. Bc4 {0-1 (52) Deszczynski,A (2366)-Kamsky,G (2660) Warsaw 2016}) 5... c5 6. d5 Nb6 $146 ({Predecessor:} 6... a6 7. a4 b6 8. O-O Ngf6 9. Re1 O-O 10. h3 Ne8 11. Ne2 Nc7 12. c4 e5 13. Ng3 {0-1 (47) Heinemann,D (2280)-Bangiev,A (2405) Germany 1995}) 7. Be3 e6 8. Bb5+ Bd7 9. Bd3 exd5 10. Nxd5 Nxd5 11. exd5 Nf6 12. Bc4 O-O 13. O-O Qb6 14. Rb1 Bb5 15. b3 Bxc4 16. bxc4 Qa6 17. Qd3 Nd7 18. c3 (18. Bf4 $11) 18... b6 19. Rfe1 Qxa2 20. Ra1 Qb2 21. Bd2 Rfe8 22. Reb1 Qxa1 23. Rxa1 a5 24. h3 Ne5 25. Nxe5 Rxe5 26. f4 Re7 27. Ra4 f5 28. Qb1 Rb8 29. Rxa5 Rbb7 30. Rb5 Re2 31. Be1 Re4 32. Kh2 Rxf4 33. Bd2 Rf2 34. Be3 Re2 35. Bf4 Re4 36. Bxd6 Rxc4 37. Rxc5 Be5+ 38. Bxe5 Rxc5 39. c4 Rxc4 40. Qb5 Rc8 41. d6 Kf7 42. Qa6 (42. Qd5+ $142 Kf8 43. Qxb7 h6 44. Qg7+ Ke8 45. Qe7#) 42... Rd7 43. Qxc8 Ke6 44. Qe8+ $18 {[%emt 0:00:43] mates} (44. Qc4+ $2) 44... Kd5 45. Qxd7 Kxe5 46. Qe7+ Kd4 47. d7 f4 48. d8=Q+ Kc3 49. Qa3+ Kc4 50. Qdd3# 1-0